 Dungeon Crawl Stone Soup version 0.31-a0-986-g5e6e4ef867 (webtiles) character file.

Game seed: 1856868823091178032

619 dialectric the Slasher (level 7, -2/56 HPs)
             Began as a Demonspawn Fighter on Nov 3, 2023.
             Succumbed to a gnoll's poison
             ... on level 5 of the Dungeon.
             The game lasted 00:04:26 (3176 turns).

dialectric the Slasher (Demonspawn Fighter)         Turns: 3176, Time: 00:04:27

Health: -2/56      AC:  8    Str: 17    XL:     7   Next: 21%
Magic:  7/7        EV: 10    Int: 14    God:
Gold:   84         SH:  0    Dex: 13    Spells: 6/6 levels left

rFire   . . .        a - +0 long sword
rCold   . . .        (no shield)
rNeg    . . .        b - +0 scale mail
rPois   .            (no helmet)
rElec   .            (no cloak)
rCorr   .            (no gloves)
SInv    .            (no boots)
Will    .....        (no amulet)
Stlth   +            (no ring)
HPRegen 0.29/turn    (no ring)
MPRegen 0.10/turn

%: no passive effects
@: lethally poisoned (-2 -> -13)
A: rugged brown scales 1, spiny 1, thin skeletal structure 1, clever 1,
inability to drink after injury 1
a: no special abilities


You were on level 5 of the Dungeon.
You visited 1 branch of the dungeon, and saw 6 of its levels.

You collected 84 gold pieces.

Inventory:

Hand Weapons
 a - a +0 long sword (weapon)
Missiles
 g - 21 poisoned darts (quivered)
 i - 2 throwing nets
Armour
 b - a +0 scale mail (worn)
 c - a +1 buckler
 s - a +0 plate armour
Wands
 r - a wand of charming (4)
Scrolls
 h - a scroll of enchant armour
 j - a scroll of blinking {unknown}
 k - a scroll of amnesia {unknown}
 l - a scroll of vulnerability {unknown}
 m - a scroll of poison {unknown}
 n - a scroll of identify {unknown}
 p - a scroll of fog {unknown}
Potions
 e - 2 potions of mutation
 f - a potion of curing
 q - a potion of lignification {unknown}


   Skills:
 + Level 4.4 Fighting
 + Level 5.1 Long Blades
 + Level 4.4 Armour
 + Level 1.5 Dodging
 - Level 3.0 Shields


You had 6 spell levels left.
You didn't know any spells.
Your spell library contained the following spells:

 Spells                   Type           Power      Damage    Failure   Level
 Magic Dart               Conj           0%         1d3       67%         1
 Call Imp                 Summ           0%         N/A       80%         2
 Lesser Beckoning         Tloc           0%         N/A       80%         2
 Sublimation of Blood     Necr           0%         N/A       80%         2
 Wereblood                Tmut           0%         N/A       80%         2
 Gell's Gravitas          Tloc           0%         N/A       95%         3
 Mephitic Cloud           Conj/Pois/Air  0%         N/A       95%         3
 Teleport Other           Tloc           0%         N/A       95%         3
 Summon Hydra             Summ           0%         N/A       100%        7


Dungeon Overview and Level Annotations

Branches:
Dungeon (6/15)
 Temple: D:4-7

Altars:

Annotations:
D:2 1 runed translucent door, Crazy Yiuf


Innate Abilities, Weirdness & Mutations

You are partially covered in rugged brown scales. (AC +1, +3% HP)
You are partially covered in sharp spines.
You have a somewhat thin skeletal structure. (Dex +2, Stealth+)
Your mind is acute. (Int +4, Str/Dex -1)
You occasionally lose the ability to drink potions when taking damage.


Message History

The gnoll hits the bush but does no damage.
The gnoll hits you with a +2 halberd of venom.
You closely miss the gnoll. The gnoll is struck by your spines.
The gnoll hits you but does no damage. The gnoll is struck by your spines.
The gnoll hits you with a +2 halberd of venom!
You are poisoned.
You closely miss the gnoll.
The gnoll is moderately wounded.
You feel very sick. The gnoll hits you but does no damage.
The gnoll closely misses you.
You hit the gnoll.
The gnoll is severely wounded.
You feel very sick.
The gnoll hits you from afar with a +0 spear!
The gnoll hits you with a +0 whip.
The gnoll hits you with a +2 halberd of venom.
* * * LOW HITPOINT WARNING * * *
You are lethally poisoned!
The gnoll barely misses you. The gnoll is struck by your spines.
The gnoll hits you with a +2 halberd of venom!
* * * LOW HITPOINT WARNING * * *
You are more poisoned.
The gnoll is struck by your spines.
You kill the gnoll!
The gnoll sergeant closely misses you.
Unknown command.
Unknown command.
You feel better. The gnoll hits you but does no damage.
The gnoll barely misses you.
The gnoll sergeant hits you from afar with a +0 spear.
* * * LOW HITPOINT WARNING * * *
An ogre comes into view. It is wielding a +0 giant spiked club.
Unknown command.
The gnoll hits you from afar with a +2 halberd of venom!
* * * LOW HITPOINT WARNING * * *
You are lethally poisoned!
The gnoll attacks as it pursues you!
The gnoll hits you from afar with a +0 spear.
* * * LOW HITPOINT WARNING * * *
You die...

##### ################>..#
...))......)....@..#######
################...gg.....
#.#g#Y##### #.#..g..
#.#.#g.... #.#.#...♣♣.
#.#.# ..P♣ ..#.# ..O.
###.# ...


You could see an ice beast, an ogre, a gnoll sergeant and 4 gnolls.

Vanquished Creatures
  A black bear (D:4)
  A scorpion (D:4)
  A gnoll sergeant (D:5)
  An orc priest (D:3)
  Natasha (thrice) (D:2)
  An iguana (D:5)
  3 orc wizards (D:3)
  6 gnolls (D:5)
  7 adders
  A white imp (D:6)
  2 dart slugs
  7 orcs
  8 ball pythons
  4 endoplasms
  4 giant cockroaches
  6 hobgoblins
  13 jackals
  6 kobolds
  2 quokkas (D:4)
  7 bats
  2 frilled lizards (D:2)
  5 goblins
  6 rats
97 creatures vanquished.

Notes
Turn   | Place    | Note
-------+----------+-------------------------------------------
     0 | D:1      | dialectric the Demonspawn Fighter began the quest for the
                  | Orb.
     0 | D:1      | Reached XP level 1. HP: 18/18 MP: 1/1
   164 | D:1      | Gained mutation: You are partially covered in sharp spines.
                  | [demonic ancestry]
   164 | D:1      | Reached XP level 2. HP: 24/24 MP: 2/2
   822 | D:2      | Noticed Natasha
   830 | D:2      | Killed Natasha
   831 | D:2      | Reached skill level 2 in Long Blades
   831 | D:2      | Reached XP level 3. HP: 18/29 MP: 3/3
   964 | D:2      | Noticed Natasha
   984 | D:2      | Killed Natasha
   985 | D:2      | Reached XP level 4. HP: 15/35 MP: 4/4
  1415 | D:2      | Noticed Natasha
  1422 | D:2      | Killed Natasha
  1423 | D:2      | Reached skill level 3 in Long Blades
  1509 | D:2      | Found a runed translucent door.
  1510 | D:2      | Noticed Crazy Yiuf
  1584 | D:3      | Gained mutation: You are partially covered in rugged brown
                  | scales. (AC +1, +3% HP) [demonic ancestry]
  1584 | D:3      | Reached XP level 5. HP: 37/43 MP: 5/5
  2044 | D:3      | Reached skill level 4 in Long Blades
  2044 | D:3      | Reached XP level 6. HP: 16/49 MP: 6/6
  2401 | D:4      | Reached skill level 1 in Dodging
  2905 | D:4      | You fall into a shaft and drop 2 floors!
  2922 | D:5      | Entered Level 5 of the Dungeon
  2970 | D:5      | Noticed an orc warrior
  2989 | D:6      | Noticed an ice beast
  3035 | D:5      | Gained mutation: You occasionally lose the ability to drink
                  | potions when taking damage. [potion of mutation]
  3035 | D:5      | Gained mutation: You have a somewhat thin skeletal
                  | structure. (Dex +2, Stealth+) [potion of mutation]
  3035 | D:5      | Gained mutation: Your mind is acute. (Int +4, Str/Dex -1)
                  | [potion of mutation]
  3037 | D:5      | Reached skill level 5 in Long Blades
  3037 | D:5      | Reached XP level 7. HP: 10/56 MP: 7/7
  3175 | D:5      | HP: 1/56 [gnoll/+0 spear[a gnoll sergeant] (4)]
  3176 | D:5      | Succumbed to a gnoll's poison

Illustrated notes

Levels and vault maps discovered:
D:1:      sevenhm_arrival_forest_fort_large_2, layout_basic
D:2:      layout_basic, uniq_natasha, uniq_crazy_yiuf_cottage
D:3:      layout_loops_ring, shapermc_ecumenical_altar_petra
D:4:      layout_loops_ring, guppyfry_early_lair_pool
D:5:      layout_basic, hangedman_ru_absence,
          nicolae_concentric_dashed_squares_wild, serial_park_tiny_2,
          uniq_eustachio, uniq_pikel, uniq_edmund
D:6:      layout_cave_pools, minmay_manual_mail

Skill      XL: |  1  2  3  4  5  6 |
---------------+-------------------+-----
Armour         | 3 4 |  4.4
Long Blades    | 2 3 4 5 |  5.1
Shields        | 3 |  3.0
Fighting       | 4 |  4.4
Dodging        | 1 |  1.5

Action                     |  1- 3 |  4- 6 |  7- 9 || total
---------------------------+-------+-------+-------++-------
  Melee: Long sword        |    62 |   149 |    12 ||   223
         Punch             |       |     2 |     1 ||     3
    Use: Potion            |       |     4 |     2 ||     6
         Scroll            |       |     1 |       ||     1
 Armour: Scale mail        |    66 |   119 |    16 ||   201
  Dodge: Dodged            |    32 |    91 |    10 ||   133

Table legend: (Time is in decaauts)
 A = Elapsed time spent in this place.
 B = Non-inter-level travel time spent in this place.
 C = Inter-level travel time spent in this place.
 D = Time resting spent in this place.
 E = Time spent auto-exploring this place.
 F = Levels seen in this place.
 G = Mean time per level.
                   A        B        C        D        E       F      G
               +--------+--------+--------+--------+--------+-----+--------+
         Total |   3237 |   3155 |     82 |      0 |   2448 |   6 |  539.5 |
       Dungeon |   3237 |   3155 |     82 |      0 |   2448 |   6 |  539.5 |
               +--------+--------+--------+--------+--------+-----+--------+

Top non-repeatable levels by time:
     D:1: 822 daAuts
     D:3: 792 daAuts
     D:2: 757 daAuts
     D:4: 588 daAuts
     D:5: 246 daAuts
     D:6: 30 daAuts
